 Dungeon Crawl Stone Soup version 0.31-a0-177-g4aa6249778 (webtiles) character file.

Game seed: 17002894019429607518

981 qw the Chopper (level 8, 0/49 HPs)
             Began as a Gargoyle Fighter on June 18, 2023.
             Was an Initiate of Okawaru.
             Slain by a two-headed ogre
             ... wielding a +0 giant club
              (5 damage)
             ... on level 7 of the Dungeon.
             The game lasted 00:03:09 (4139 turns).

qw the Chopper (Gargoyle Fighter)                   Turns: 4139, Time: 00:03:10

Health: 0/49       AC: 21    Str: 21    XL:     8   Next: 17%
Magic:  8/8        EV:  6    Int: 10    God:    Okawaru [......]
Gold:   149        SH:  4    Dex:  9    Spells: 7/7 levels left

rFire   . . .        Y - +1 war axe (flame)
rCold   + . .        c - +0 buckler
rNeg    + . .        p - +0 plate armour
rPois   inf          g - +1 hat
rElec   +            i - +2 cloak
rCorr   .            (no gloves)
SInv    .            (no boots)
Will    .....        (no amulet) Stlth
                     o - ring of protection from cold
HPRegen 0.28/turn    (no ring)
MPRegen 0.11/turn

%: no passive effects
@: about to teleport
A: sickness immunity, AC +5, negative energy resistance 1, electricity
resistance, torment resistance 1, petrification resistance
a: Renounce Religion


You were on level 7 of the Dungeon.
You worshipped Okawaru.
Okawaru was noncommittal.
You visited 2 branches of the dungeon, and saw 8 of its levels.
You also visited: Sewer.

You collected 219 gold pieces.
You spent 70 gold pieces at shops.


Innate Abilities, Weirdness & Mutations

You are immune to sickness and miasma.
Your stone body is resilient. (AC +5)
You are immune to poison.
You resist negative energy. (rN+)
You are resistant to electric shocks. (rElec)
You are resistant to unholy torment.
You are immune to petrification.


   Skills:
 - Level 5.2 Fighting
 + Level 7.0 Axes
 - Level 0.7 Throwing
 - Level 4.3 Armour
 - Level 1.9 Dodging
 - Level 3.2 Shields


You had 7 spell levels left.
You didn't know any spells.
Your spell library was empty.

Inventory:

Hand Weapons
 Y - a +1 war axe of flaming (weapon)
Armour
 c - a +0 buckler (worn)
 g - a +1 hat (worn)
 i - a +2 cloak (worn)
 p - a +0 plate armour (worn)
Jewellery
 e - a ring of ice
 o - a ring of protection from cold (left hand)
Scrolls
 n - a scroll of identify
Potions
 d - a potion of might
 f - a potion of attraction
 h - 3 potions of heal wounds
 k - 2 potions of haste
 m - a potion of lignification
 r - a potion of enlightenment

Dungeon Overview and Level Annotations

Branches:
Dungeon (7/15)             Temple (1/1) D:7           Sewer (visited)

Altars:
Ashenzari
Cheibriados
Dithmenos
Elyvilon
Fedhas
Hepliaklqana
Kikubaaqudgha
Nemelex Xobeh
Okawaru
Qazlal
Ru
Trog
Uskayaw
Wu Jian
Xom
Yredelemnul
Zin

Shops:
D:2 ?

Annotations:
D:3 1 runed translucent door, qw's ghost, amateur NaHu


Message History

The two-headed ogre is moderately wounded.
The hound bites you.
The two-headed ogre hits you with a +0 giant club!
The two-headed ogre hits you with a +0 giant spiked club!
4130 ||| READING 2 scrolls of teleportation.
As you read the scroll of teleportation, it crumbles to dust.
You feel strangely unstable. You block the hound's attack.
The hound bites you but does no damage.
4131 ||| DRINKING 5 potions of heal wounds.
You feel much better.
The two-headed ogre hits you with a +0 giant club!
The two-headed ogre hits you with a +0 giant spiked club!
The hound bites you.
4132 ||| DRINKING 4 potions of heal wounds.
You feel much better.
Your surroundings suddenly seem different.
The hound pauses to sniff the ground.
You throw a boomerang. The boomerang barely misses the hound.
The boomerang hits the two-headed ogre.
The two-headed ogre is heavily wounded.
You throw a boomerang. The boomerang hits the hound.
The hound is almost dead.
You slash the hound! You burn the hound.
You kill the hound!
Okawaru accepts your kill.
You throw a boomerang.
The boomerang hits the two-headed ogre and shatters for extra damage!
The two-headed ogre is heavily wounded.
You completely miss the two-headed ogre.
The two-headed ogre is heavily wounded.
The two-headed ogre hits you but does no damage. x2
You hit the two-headed ogre. You burn the two-headed ogre.
The two-headed ogre is severely wounded.
The two-headed ogre hits you with a +0 giant club.
The two-headed ogre hits you with a +0 giant spiked club!!
4139 ||| READING scroll of teleportation.
As you read the scroll of teleportation, it crumbles to dust.
You feel strangely unstable.
The two-headed ogre hits you with a +0 giant club.
You die...

############
#..........##
#...###'#####.######
#...#.....#........#
#...#.}.}.#........#
#..!)..>..'..[.........
#...#.}@O.#.....<......
#...#.....#....##.#####
#.#####+####..$.... #.#
..#..#... ##.#
#####..###. #..# ..
#.## #.# #.#


You could see a two-headed ogre.

Vanquished Creatures
  An ice beast (D:6)
  An ogre (D:7)
  A kobold brigand (D:6)
  A scorpion (D:2)
  2 hounds
  3 jellies
  4 orc wizards (D:6)
  Ijyb (D:3)
  Terence (D:2)
  An iguana (D:6)
  A sleepcap (D:6)
  9 adders
  7 river rats
  3 dart slugs (D:1)
  9 orcs (D:6)
  13 ball pythons
  3 endoplasms
  4 giant cockroaches
  7 goblins
  8 hobgoblins
  3 jackals (D:1)
  3 quokkas
  2 bats (D:1)
  A frilled lizard (D:1)
  15 kobolds
  29 rats
133 creatures vanquished.

Vanquished Creatures (others)
  An ice beast (D:6)
1 creature vanquished.

Grand Total: 134 creatures vanquished

Notes
Turn   | Place    | Note
-------+----------+-------------------------------------------
     0 | D:1      | qw the Gargoyle Fighter began the quest for the Orb.
     0 | D:1      | Reached XP level 1. HP: 14/14 MP: 1/1
     0 | D:1      | 0 ||| qw: Version: 0.3-a-7-ge0c9b40
     0 | D:1      | 0 ||| qw: Game counter: 829
     0 | D:1      | 0 ||| qw: Always use a shield: true
     0 | D:1      | 0 ||| qw: God list: Okawaru
     0 | D:1      | 0 ||| qw: Allow faded altars: false
     0 | D:1      | 0 ||| qw: Do Orc after D:15 true
     0 | D:1      | 0 ||| qw: Do second Lair branch before Depths: true
     0 | D:1      | 0 ||| qw: Lair rune preference: random
     0 | D:1      | 0 ||| qw: Plans: Normal, Zot:1-4, Slime:5, God:TSO, Crypt,
                  | Tomb, Abyss, Pan, Hells, Win
     0 | D:1      | 0 ||| PLANNING D:1-11
    70 | D:1      | Reached skill level 2 in Axes
   131 | D:1      | 131 ||| Stepping ~*~*~tactically~*~*~ (stealth).
   133 | D:1      | 133 ||| Stepping ~*~*~tactically~*~*~ (stealth).
   136 | D:1      | 136 ||| Stepping ~*~*~tactically~*~*~ (stealth).
   137 | D:1      | 137 ||| Stepping ~*~*~tactically~*~*~ (stealth).
   141 | D:1      | Reached XP level 2. HP: 19/19 MP: 2/2
   231 | D:1      | 231 ||| DROPPING +0 club.
   257 | D:1      | Reached skill level 3 in Axes
   305 | D:1      | Reached XP level 3. HP: 23/23 MP: 3/3
   488 | D:1      | 488 ||| UPGRADING to +0 cloak.
   493 | D:1      | 493 ||| READING 2 scrolls labelled CECINW QIXTU.
   498 | D:1      | 498 ||| READING scroll labelled BUOCHU EJIE.
   499 | D:1      | 499 ||| DRINKING 2 smoky golden potions.
   505 | D:2      | Found a sparkling altar of Nemelex Xobeh.
   587 | D:2      | Noticed Terence
   602 | D:2      | Killed Terence
   603 | D:2      | Reached XP level 4. HP: 12/28 MP: 4/4
   769 | D:2      | Reached skill level 4 in Axes
   897 | D:2      | Found Qeinuax's Magic Scroll Shop.
   906 | D:2      | 906 ||| BUYING scroll of identify (28 gold).
   906 | D:2      | Bought a scroll of identify for 28 gold pieces
   906 | D:2      | 906 ||| BUYING scroll of teleportation (42 gold).
   906 | D:2      | Bought a scroll of teleportation for 42 gold pieces
  1067 | D:2      | 1067 ||| UPGRADING to +0 plate armour.
  1077 | D:2      | 1077 ||| DROPPING +0 scale mail.
  1078 | D:2      | 1078 ||| READING scroll labelled UFEADO KIKET.
  1079 | D:2      | 1079 ||| READING scroll labelled HUUNIR PAOTWY.
  1080 | D:2      | 1080 ||| READING scroll labelled ITOFOE TUISS.
  1181 | D:2      | 1181 ||| READING scroll labelled SAIGHO USOG TUEWE.
  1182 | D:2      | 1182 ||| READING 4 scrolls of identify.
  1182 | D:2      | 1182 ||| IDENTIFYING lumpy amethyst potion
  1183 | D:2      | 1183 ||| READING 3 scrolls of identify.
  1183 | D:2      | 1183 ||| IDENTIFYING murky amethyst potion
  1184 | D:2      | 1184 ||| READING 2 scrolls of identify.
  1184 | D:2      | 1184 ||| IDENTIFYING dark potion
  1215 | D:3      | Noticed a scorpion
  1216 | D:3      | 1216 ||| PLANNING SEWER
  1223 | D:3      | 1223 ||| STAIRDANCE
  1225 | D:2      | Killed a scorpion
  1226 | D:2      | Reached XP level 5. HP: 27/32 MP: 5/5
  1270 | D:3      | Noticed qw's ghost (amateur NaHu)
  1274 | D:3      | Found a runed translucent door.
  1375 | D:3      | 1375 ||| Stepping ~*~*~tactically~*~*~ (stealth).
  1434 | D:3      | Noticed Ijyb
  1437 | D:3      | 1437 ||| DRINKING potion of curing.
  1437 | D:3      | 1437 ||| (to cure confusion)
  1439 | D:3      | Killed Ijyb
  1440 | D:3      | Reached skill level 5 in Axes
  1664 | D:3      | Found a glowing drain.
  1684 | D:3      | 1684 ||| READING 4 scrolls of identify.
  1684 | D:3      | 1684 ||| IDENTIFYING orange potion
  1685 | D:3      | 1685 ||| READING 3 scrolls of identify.
  1685 | D:3      | 1685 ||| IDENTIFYING viscous orange potion
  1686 | D:3      | 1686 ||| READING 2 scrolls of identify.
  1686 | D:3      | 1686 ||| IDENTIFYING sapphire potion
  1687 | D:3      | 1687 ||| DROPPING potion of degeneration.
  1696 | Sewer    | Entered a sewer
  1753 | Sewer    | 1753 ||| Stepping ~*~*~tactically~*~*~ (stealth).
  1790 | Sewer    | Reached XP level 6. HP: 38/38 MP: 6/6
  1797 | Sewer    | 1797 ||| Stepping ~*~*~tactically~*~*~ (water).
  1818 | Sewer    | 1818 ||| Stepping ~*~*~tactically~*~*~ (stealth).
  1819 | Sewer    | 1819 ||| Stepping ~*~*~tactically~*~*~ (stealth).
  1831 | Sewer    | 1831 ||| Stepping ~*~*~tactically~*~*~ (stealth).
  1985 | D:3      | 1985 ||| PLANNING D:1-11
  2560 | D:4      | Found a hazy altar of Hepliaklqana.
  2626 | D:4      | Found a stormy altar of Qazlal.
  2763 | D:4      | 2763 ||| Stepping ~*~*~tactically~*~*~ (water).
  2827 | D:4      | Identified the +0 ring mail "Pioci" {rElec rN+ Int-4}
  2969 | D:4      | 2969 ||| READING scroll of brand weapon.
  2969 | D:4      | 2969 ||| BRANDING +1 war axe of freezing.
  2970 | D:4      | 2970 ||| DROPPING +0 whip.
  3148 | D:4      | 3148 ||| UPGRADING to ring of protection from cold.
  3149 | D:4      | 3149 ||| READING 3 scrolls labelled GOTANGISAST.
  3150 | D:4      | 3150 ||| READING 2 scrolls of enchant armour.
  3150 | D:4      | 3150 ||| ENCHANTING +0 cloak.
  3151 | D:4      | 3151 ||| READING scroll of enchant armour.
  3151 | D:4      | 3151 ||| ENCHANTING +1 cloak.
  3167 | D:4      | 3167 ||| READING 2 scrolls of identify.
  3167 | D:4      | 3167 ||| IDENTIFYING red potion
  3168 | D:4      | 3168 ||| DROPPING potion of invisibility.
  3177 | D:5      | Entered Level 5 of the Dungeon
  3193 | D:6      | Found a white marble altar of Elyvilon.
  3201 | D:6      | Reached skill level 6 in Axes
  3203 | D:6      | 3203 ||| FLEEEEING.
  3204 | D:6      | 3204 ||| Stepping ~*~*~tactically~*~*~ (stealth).
  3220 | D:6      | 3220 ||| Stepping ~*~*~tactically~*~*~ (stealth).
  3225 | D:6      | 3225 ||| Stepping ~*~*~tactically~*~*~ (stealth).
  3226 | D:6      | 3226 ||| Stepping ~*~*~tactically~*~*~ (stealth).
  3237 | D:6      | 3237 ||| Stepping ~*~*~tactically~*~*~ (hiding).
  3237 | D:6      | Noticed an ice beast
  3238 | D:6      | 3238 ||| Stepping ~*~*~tactically~*~*~ (hiding).
  3239 | D:6      | 3239 ||| Stepping ~*~*~tactically~*~*~ (hiding).
  3242 | D:6      | 3242 ||| DRINKING potion of curing.
  3242 | D:6      | 3242 ||| (to cure confusion)
  3260 | D:6      | Killed an ice beast
  3261 | D:6      | Reached XP level 7. HP: 27/43 MP: 7/7
  3264 | D:6      | HP: 10/43 [iguana (10)]
  3265 | D:6      | 3265 ||| READING 4 scrolls of teleportation.
  3268 | D:6      | 3268 ||| DRINKING 6 potions of heal wounds.
  3415 | D:6      | 3415 ||| Stepping ~*~*~tactically~*~*~ (hiding).
  3514 | D:6      | Reached skill level 7 in Axes
  3582 | D:6      | 3582 ||| UPGRADING to +1 hat.
  3595 | D:6      | 3595 ||| STAIRDANCE
  3597 | D:5      | 3597 ||| READING scroll labelled WANINA TIHE.
  3666 | D:6      | Reached XP level 8. HP: 44/49 MP: 8/8
  3786 | D:6      | You fall into a shaft and drop 1 floor!
  3803 | D:7      | Found a staircase to the Ecumenical Temple.
  3804 | D:7      | 3804 ||| PLANNING TEMPLE
  3810 | D:7      | Reached skill level 1 in Dodging
  3812 | D:7      | 3812 ||| DRINKING 2 emerald potions.
  3813 | D:7      | 3813 ||| DROPPING potion of brilliance.
  3819 | Temple   | Entered the Ecumenical Temple
  4039 | Temple   | 4039 ||| PLANNING OKAWARU WORSHIP
  4085 | Temple   | Became a worshipper of Warmaster Okawaru
  4086 | Temple   | 4086 ||| PLANNING D:1-11
  4117 | D:7      | Noticed a two-headed ogre
  4122 | D:7      | HP: 5/49 [two-headed ogre/+0 giant club (11)]
  4123 | D:7      | 4123 ||| READING 3 scrolls of teleportation.
  4124 | D:7      | 4124 ||| DRINKING 6 potions of heal wounds.
  4129 | D:7      | HP: 4/49 [two-headed ogre/+0 giant club (15)]
  4130 | D:7      | 4130 ||| READING 2 scrolls of teleportation.
  4131 | D:7      | 4131 ||| DRINKING 5 potions of heal wounds.
  4132 | D:7      | 4132 ||| DRINKING 4 potions of heal wounds.
  4138 | D:7      | HP: 4/49 [two-headed ogre/+0 giant club (24)]
  4139 | D:7      | 4139 ||| READING scroll of teleportation.
  4139 | D:7      | Slain by a two-headed ogre

Levels and vault maps discovered:
D:1:      giann_wishing_wells, layout_rooms
D:2:      layout_rooms, basic_altar, serial_shops, shop, uniq_terence
D:3:      kennysheep_big_flooded_room, layout_rooms,
          hellmonk_ghost_happy_afterlife, portal_sewer_entry_b, uniq_ijyb
D:4:      layout_loops_ring, nicolae_qazlal_scattered_showers,
          general_overflow_altar, saegor_snake_ambush
D:5:      minmay_skewed_foursquare, layout_rooms
D:6:      layout_loops_ring, elyvilon_altar_5
D:7:      layout_rooms, nicolae_gozag_seed_capital,
          mainiacjoe_overflow_small_starburst, minmay_temple_entry_hall,
          uniq_maggie, uniq_crazy_yiuf_cottage
Temple:   minmay_temple_curvy_branch

Skill      XL: |  1  2  3  4  5  6  7  8 |
---------------+-------------------------+-----
Axes           | 2 3 4 5 6 7 |  7.0
Fighting       | 4 5 |  5.2
Armour         | 4 |  4.3
Dodging        | 1 |  1.9
Throwing       | |  0.7
Shields        | |  3.2

Action                     |  1- 3 |  4- 6 |  7- 9 || total
---------------------------+-------+-------+-------++-------
  Melee: War axe           |    87 |   199 |    93 ||   379
  Throw: Boomerang         |       |       |    22 ||    22
    Use: Scroll            |     2 |    15 |     5 ||    22
         Potion            |     1 |     2 |     5 ||     8
 Armour: Scale mail        |    53 |    10 |       ||    63
         Plate armour      |       |   158 |    99 ||   257
  Dodge: Dodged            |    35 |    53 |    31 ||   119
  Block: Buckler           |    16 |    28 |    14 ||    58

Table legend:
 A = Non-vault XP
 B = Vault XP
 C = Vault XP percentage of total XP
 D = Non-vault monster count
 E = Vault monster count
 F = Vault count percentage of total count
                 A         B        C        D         E       F
            +---------+---------+-------+---------+---------+-------
      Total |    1166 |     236 |  16.8 |      94 |      40 |  29.9
            +---------+---------+-------+---------+---------+-------
        D:1 |      52 |       0 |   0.0 |      27 |       0 |   0.0
        D:2 |     116 |      36 |  23.7 |      14 |       1 |   6.7
        D:3 |      20 |      55 |  73.3 |      12 |       6 |  33.3
        D:4 |      54 |      28 |  34.1 |       8 |       3 |  27.3
        D:6 |     764 |       0 |   0.0 |      31 |       0 |   0.0
        D:7 |     160 |       0 |   0.0 |       2 |       0 |   0.0
      Sewer |       0 |     117 | 100.0 |       0 |      30 | 100.0
            +---------+---------+-------+---------+---------+-------
